 Dungeon Crawl Stone Soup version 0.29-a0-317-gd16b76e6b1 (webtiles) character file.

Game seed: 8905837590530562930

2118 Leszczynek the Fighter (level 9, -16/85 HPs)
             Began as a Human Gladiator on Mar 31, 2022.
             Was an Initiate of Jiyva.
             Demolished by an orc warrior
             ... wielding a +0 broad axe
              (19 damage)
             ... on level 7 of the Dungeon.
             The game lasted 00:21:24 (2860 turns).

Leszczynek the Fighter (Human Gladiator)            Turns: 2860, Time: 00:21:25

Health: -16/85     AC:  5    Str: 18    XL:     9   Next: 54%
Magic:  9/9        EV: 13    Int:  9    God:    Jiyva [......]
Gold:   145        SH:  0    Dex: 15    Spells: 8/8 levels left

rFire   + + .      SeeInvis .   a - +5 dire flail (protect)
rCold   + + .      Faith    .   (shield currently unavailable)
rNeg    . . .      Spirit   .   b - +0 leather armour
rPois   +          Reflect  .   c - +0 helmet
rElec   +          Harm     .   B - scarf {rC+ rF+}
rCorr   +          Rampage  .   (no gloves)
Will    .....                   d - +0 pair of boots
Stlth   +.........              (no amulet)
HPRegen 0.24/turn               (no ring)
MPRegen 0.11/turn               (no ring)

@: mighty, resistant, flying
A: no striking features
a: Renounce Religion


You were on level 7 of the Dungeon.
You worshipped Jiyva.
Jiyva was noncommittal.
You visited 1 branch of the dungeon, and saw 7 of its levels.
You also visited: Sewer.

You collected 145 gold pieces.

Inventory:

Hand Weapons
 a - a +5 dire flail of protection (weapon)
 h - a +0 war axe
Missiles
 e - 4 javelins (quivered)
 i - 3 poisoned darts
 l - 4 boomerangs
Armour
 b - a +0 leather armour (worn)
 c - a +0 helmet (worn)
 d - a +0 pair of boots (worn)
 g - a +1 buckler of protection
 B - a scarf of resistance (worn)
Wands
 f - a wand of iceblast (8)
 q - a wand of digging (5)
 x - a wand of flame (31)
Scrolls
 j - a scroll of magic mapping
 n - a scroll of torment {unknown}
 o - a scroll of summoning {unknown}
 p - a scroll of teleportation {unknown}
 r - a scroll of silence {unknown}
 s - 3 scrolls of fog {unknown}
 t - 2 scrolls of vulnerability {!r}
 u - a scroll of enchant armour {unknown}
 v - a scroll of fear {unknown}
 C - a scroll of immolation {unknown}
Potions
 w - 3 potions of magic


   Skills:
 - Level 13.1 Fighting
 - Level 5.6(6.0) Axes
 + Level 3.4(5.0) Maces & Flails
 - Level 3.7 Throwing
 - Level 4.4 Dodging
 - Level 3.0 Shields


You had 8 spell levels left.
You didn't know any spells.
Your spell library was empty.

Dungeon Overview and Level Annotations

Branches:
Dungeon (7/15)             Temple (0/1) D:6           Sewer (visited)

Altars:
Dithmenos
Makhleb
Nemelex Xobeh
Qazlal
Ru

Annotations:
D:2 Terence


Message History

The orc warrior barely misses you.
Throw: dart (curare)
Press: ? - help, Q - select action, (/) - cycle Shift-Dir - straight line, f - orc warrior, p - orc
Aim: an orc warrior, wielding a +0 broad axe and wearing a +0 chain mail (58% to hit)
You throw a curare-tipped dart.
The curare-tipped dart completely misses the orc warrior.
The orc warrior hits you with a +0 broad axe!
It was a potion of flight.
You feel very buoyant.
You fly up into the air.
It was a potion of resistance.
You feel protected.
The orc warrior hits you with a +0 broad axe.
It was a potion of experience.
You feel more experienced!
Your Fighting skill gained 9 levels and is now at level 13!
You have reached level 9!
Your experience leads to an increase in your attributes!
Increase (S)trength, (I)ntelligence, or (D)exterity?
You feel stronger. x2
The orc hits you with a +0 short sword. The orc warrior barely misses you.
It was a potion of might.
You feel very mighty all of a sudden. The orc hits you with a +0 short sword.
The orc warrior barely misses you.
You closely miss the orc warrior.
The orc shouts!
The orc hits you but does no damage.
The orc warrior hits you with a +0 broad axe!!
* * * LOW HITPOINT WARNING * * *
Unknown command.
You barely miss the orc warrior. The orc closely misses you.
The orc warrior barely misses you.
You closely miss the orc warrior. The orc closely misses you.
The orc warrior hits you with a +0 broad axe!
* * * LOW HITPOINT WARNING * * *
You barely miss the orc warrior. The orc hits you but does no damage.
The orc warrior misses you.
You closely miss the orc warrior. The orc hits you but does no damage.
The orc warrior hits you with a +0 broad axe!!
You die...

### #.. #.# #.# #.# #.#
##.# ##############o@# #
#............#o## <8
#............#o# #.#.
#............#.### ..8..
#.......>....'...+......
##.........)..##.....o../
..............####o.o....
..............# #.....o
..............# ......


You could see an orc warrior and 2 orcs.

Vanquished Creatures
  Edmund (D:6)
  A sky beast (D:6)
  A phantom (D:5)
  A kobold brigand (D:6)
  2 bullfrogs (D:7)
  A scorpion (D:6)
  3 hounds
  An orc priest (D:5)
  2 jellies
  A gnoll shaman (D:5)
  Jessica (D:2)
  An iguana (D:6)
  2 orc wizards
  5 gnolls (D:5)
  8 adders
  3 worms
  A dart slug (D:1)
  13 orcs
  15 endoplasms
  7 giant cockroaches
  2 hobgoblins
  7 jackals
  13 kobolds
  10 ball pythons
  3 bats
  4 frilled lizards
  5 goblins
  6 rats
120 creatures vanquished.

Vanquished Creatures (others)
  A river rat (Sewer)
1 creature vanquished.

Grand Total: 121 creatures vanquished

Notes
Turn   | Place    | Note
-------+----------+-------------------------------------------
     0 | D:1      | Leszczynek the Human Gladiator began the quest for the Orb.
     0 | D:1      | Reached XP level 1. HP: 16/16 MP: 1/1
     0 | D:1      | solo'd by a quokka
     0 | D:1      | all nets miss, i die before i even throw my javelin
     0 | D:1      | pure skill
     0 | D:1      | no consumables found
    25 | D:1      | because you know
    25 | D:1      | i should have thrown my nets (and miss them) at the
                  | beginning of a fight
    25 | D:1      | against a quokka
    25 | D:1      | with 14/16 hp
    25 | D:1      | so i can die later to the first adder when nets run out on
                  | d:1
   198 | D:1      | Reached XP level 2. HP: 10/22 MP: 2/2
   408 | D:2      | Reached XP level 3. HP: 18/28 MP: 3/3
   666 | D:2      | Noticed Jessica
   689 | D:2      | Killed Jessica
   690 | D:2      | Reached XP level 4. HP: 27/34 MP: 4/4
   699 | D:2      | Noticed Terence
   784 | D:2      | Reached skill level 1 in Shields
   875 | D:3      | mmmh
   965 | D:3      | Found a shadowy altar of Dithmenos.
  1002 | D:3      | Reached XP level 5. HP: 40/40 MP: 5/5
  1019 | D:3      | Reached skill level 3 in Fighting
  1129 | D:3      | Reached skill level 4 in Axes
  1501 | D:4      | Reached XP level 6. HP: 43/47 MP: 6/6
  1686 | D:5      | Entered Level 5 of the Dungeon
  1754 | D:5      | Reached skill level 2 in Shields
  1758 | D:5      | Reached skill level 3 in Throwing
  1758 | D:5      | Reached XP level 7. HP: 16/53 MP: 7/7
  1781 | D:5      | quick identification
  1781 | D:5      | hurr
  1818 | D:5      | Reached skill level 4 in Fighting
  1949 | D:5      | Found a stormy altar of Qazlal.
  2005 | D:5      | Reached skill level 4 in Dodging
  2056 | D:6      | Reached skill level 5 in Axes
  2135 | D:6      | Found a glowing drain.
  2209 | Sewer    | Entered a sewer
  2375 | Sewer    | Found a viscous altar of Jiyva.
  2378 | Sewer    | ohhhhh
  2391 | Sewer    | time for no items
  2392 | Sewer    | Became a worshipper of Jiyva Jaegiew the Shapeless
  2477 | D:6      | Found a staircase to the Ecumenical Temple.
  2485 | D:6      | Noticed Edmund
  2486 | D:6      | >+5 dire flail
  2528 | D:6      | Reached XP level 8. HP: 38/59 MP: 8/8
  2528 | D:6      | Killed Edmund
  2529 | D:6      | Reached skill level 3 in Shields
  2598 | D:6      | Reached skill level 1 in Maces & Flails
  2695 | D:5      | Found a burning altar of Makhleb.
  2747 | D:7      | Reached skill level 2 in Maces & Flails
  2772 | D:7      | Found a sacrificial altar of Ru.
  2783 | D:7      | Found a sparkling altar of Nemelex Xobeh.
  2847 | D:7      | Reached skill level 3 in Maces & Flails
  2854 | D:7      | Reached skill level 13 in Fighting
  2854 | D:7      | Reached XP level 9. HP: 32/85 MP: 9/9
  2856 | D:7      | HP: 11/85 [orc warrior/+0 broad axe (20)]
  2858 | D:7      | HP: 2/85 [orc warrior/+0 broad axe (9)]
  2860 | D:7      | Demolished by an orc warrior

Illustrated notes ≈≈≈≈≈≈≈≈≈≈≈≈≈≈≈ ≈≈≈≈≈≈≈≈≈≈≈≈≈≈≈ .≈.≈.≈≈≈≈≈≈≈≈≈≈ ≈≈≈≈≈≈≈.≈≈≈≈≈≈≈ ....≈.≈≈.≈≈≈≈≈≈ ....8.≈≈≈.≈≈≈≈≈ .......≈.≈≈≈≈≈≈ .......@≈≈≈≈≈≈≈ .........≈≈≈≈≈≈ ..........≈≈≈≈≈ ..........≈≈.≈≈ .............≈≈ .....8.....≈≈≈≈ ..8........≈≈≈≈ .........8.≈≈≈≈ Turn 0 on D:1: solo'd by a quokka ##...#).....8........ ##..................8. ##.................###. #...............#### # +.............######## #....................# #.......#####..###.. ##.....## #.## ##..@## #.# ##+## #.# #.# #.. ... ### Turn 25 on D:1: because you know ... #.# #.# #.# #.# # #.# # #.#.#.##oo# #..@......# #.....o..o# #.###.##.## #. .# # # Turn 875 on D:3: mmmh .. ....## ... ..... .## ..g.#$..# ..# .g.#...# ..# .g.... ..# #...# ..# ..###...#### ..##### #.......(..#######....... ........##(..))<@...# ....../.############# .######.# #.# #.# #.# >.# Turn 1781 on D:5: quick identification ##### ##...## ###≈.≈..### ##.≈..≈..≈≈## ###..≈.≈#≈≈.≈≈## #≈.≈.#######...# #...## ######≈.## # #.@## ##≈≈.≈#≈..##≈ #!..≈..# #∩...≈.≈≈≈#.. #_)≈≈..# ≈..##≈≈≈≈.... #..≈≈rJ# ##≈.≈..≈.≈# ###.≈.≈. #..≈##≈≈≈≈# ####.l ##.##..≈≈.# ##. ###≈...≈≈. ## ≈..≈.##.≈. ≈≈.≈# ##.≈ Turn 2378 on Sewer: ohhhhh ##...## ###≈.≈..### ##.≈..≈..≈≈## ###..≈.≈#≈≈.≈≈# #≈.≈.#######... #...## ######≈. #####..## ##≈≈.≈#≈. #...≈..# #∩...≈.≈≈ #_@≈≈..# ≈..##≈≈≈≈ #..≈≈.≈# ##≈.≈.. ###.≈.≈.# #..≈##≈ ####..≈≈. ##.##.. ##.≈... ###≈.. ###≈.≈≈..≈.# #.≈≈≈.≈# ###≈≈# #≈. Turn 2391 on Sewer: time for no items

##. .... ....
... ...#.#.##
... ........##
#.....?.#.8.#...
#.....#.......#.
#...#...8.>.8...
#.....#.......#.
#.....@#.8.#...
#.......).....#
.@.......#.#..#
..............##
..........#.....
............####
.##
##........###
....
##.........#
###.K#
###....##.###.
..K.KK


Turn 2486 on D:6: >+5 dire flail

Levels and vault maps discovered:
D:1:      nicolae_arrival_washed_ashore, layout_loops_corners, serial_shops,
          shop
D:2:      layout_rooms, uniq_jessica, uniq_terence
D:3:      layout_loops_corners, mainiacjoe_overflow_concentric_impassable,
          ebering_ecumenical_altar_sacrificial, minmay_misc_feat_nine_boxes,
          eino_tiny_chamber
D:4:      layout_layer_cave, serial_shops, shop
D:5:      layout_loops_ring, lightli_temple_of_fire,
          nicolae_qazlal_general_emergency
D:6:      layout_rooms, minmay_temple_entry_sparse_star, gup_sewer_entry_glass,
          minmay_misc_feat_secret_circle, grunt_ministairs_13, uniq_edmund
D:7:      layout_basic, mainiacjoe_overflow_brackets,
          mainiacjoe_overflow_tiny_flanked, amethyst_overflow_temple_binary,
          nicolae_ossuary_entry_plus, serial_shops, nicolae_shop_statue_plus

Skill      XL: |  1  2  3  4  5  6  7  8 |
---------------+-------------------------+-----
Shields        | 1 2 3 |  3.0
Fighting       | 3 4 13 | 13.1
Axes           | 4 5 |  5.6
Throwing       | 3 |  3.7
Dodging        | 4 |  4.4
Maces & Flails | 3 |  3.4

Action                   |  1- 3 |  4- 6 |  7- 9 || total
-------------------------+-------+-------+-------++-------
Melee: War axe           |    65 |   145 |   132 ||   342
       Dire flail        |       |       |    19 ||    19
Throw: Throwing net      |     3 |     5 |       ||     8
       Javelin           |       |    11 |     4 ||    15
       Boomerang         |       |       |     5 ||     5
       Dart              |       |       |     5 ||     5
Evoke: Wand              |       |       |     5 ||     5
  Use: Potion            |       |     8 |     5 ||    13
       Scroll            |       |       |     4 ||     4
 Stab: Held in net/web   |     1 |       |       ||     1
       Sleeping          |       |     2 |     1 ||     3
Armor: Leather armour    |    22 |    68 |    43 ||   133
Dodge: Dodged            |    39 |    98 |    89 ||   226
Block: Buckler           |    10 |    35 |    30 ||    75

Table legend: (Time is in decaauts)
 A = Elapsed time spent in this place.
 B = Non-inter-level travel time spent in this place.
 C = Inter-level travel time spent in this place.
 D = Time resting spent in this place.
 E = Time spent auto-exploring this place.
 F = Levels seen in this place.
 G = Mean time per level.
                   A        B        C        D        E       F      G
               +--------+--------+--------+--------+--------+-----+--------+
         Total |   3051 |   2975 |     76 |     64 |      0 |   8 |  381.4 |
       Dungeon |   2798 |   2722 |     76 |      9 |      0 |   7 |  399.7 |
         Sewer |    253 |    253 |      0 |     55 |      0 |   1 |  253.0 |
               +--------+--------+--------+--------+--------+-----+--------+

Top non-repeatable levels by time:
     D:1: 576 daAuts
     D:2: 496 daAuts
     D:5: 485 daAuts
     D:6: 380 daAuts
     D:4: 379 daAuts
     D:3: 361 daAuts
   Sewer: 253 daAuts
     D:7: 118 daAuts
